 Dungeon Crawl Stone Soup version 0.22.0-34-g4f65f92 (webtiles) character file.

16270 Faca the Impaler (level 12, -6/103 HPs)
             Began as a Merfolk Gladiator on Aug 23, 2018.
             Was a Believer of Ashenzari.
             Mangled by a sixfirhy (10 damage)
             ... on level 1 of the Abyss.
             The game lasted 00:29:22 (12367 turns).

Faca the Impaler (Merfolk Gladiator)               Turns: 12367, Time: 00:29:24

Health: -6/103     AC:  9    Str: 17    XL:     12   Next: 35%
Magic:  0/12       EV: 16    Int:  8    God:    Ashenzari [**....]
Gold:   1870       SH:  0    Dex: 20    Spells: 11/11 levels left

rFire    . . .     SeeInvis .   x - +3 halberd (venom)
rCold    . . .     Gourm    .   (shield currently unavailable)
rNeg     . . .     Faith    .   o - +0 ring mail
rPois    .         Spirit   +   c - +0 helmet
rElec    .         Reflect  .   (no cloak)
rCorr    .         Harm     .   q - +2 pair of gloves {Str+3}
MR       .....                  (no boots)
Stlth    +.........             y - amulet of guardian spirit
HPRegen  0.27/turn              (no ring)
MPRegen  0.13/turn              (no ring)

@: about to teleport, studying Slings
A: change form in water, swift swim, stealthy swim
a: Curse Item, Scrying, Renounce Religion


You were on level 1 of the Abyss.
You worshipped Ashenzari.
Ashenzari was pleased with you.
You were not hungry.

You visited 1 branch of the dungeon, and saw 9 of its levels.
You visited the Abyss 1 time.
You also visited: Bailey.

You collected 1870 gold pieces.

Inventory:

Hand Weapons
 a - a +0 trident of draining
 x - a +3 halberd of venom (weapon)
Missiles
 d - a throwing net (quivered)
 B - 3 tomahawks
Armour
 c - a +0 helmet (worn)
 o - a +0 ring mail (worn)
 q - a +2 pair of gloves of strength (worn)
 v - a +0 buckler
Jewellery
 y - an amulet of guardian spirit (around neck)
Wands
 i - a wand of digging (7)
 w - a wand of iceblast (3)
Scrolls
 g - 2 scrolls of enchant armour
 j - a scroll of acquirement
 k - 3 scrolls of blinking
 l - 4 scrolls of enchant weapon
 m - a scroll of fog
 p - 3 scrolls of immolation
 r - 3 scrolls of fear
 s - 4 scrolls of remove curse
 u - a scroll of holy word
 z - a scroll of teleportation
 A - a scroll of magic mapping
 D - a scroll of identify
Potions
 b - 9 potions of curing
 e - 2 potions of berserk rage
 n - a potion of mutation
 t - 2 potions of ambrosia
Books
 C - a manual of Slings
Comestibles
 f - 12 rations


   Skills:
 + Level 12.6 Fighting
 + Level 20.7 Polearms
 - Level 2.0 Throwing
 + Level 7.5 Dodging


You had 11 spell levels left.
You didn't know any spells.
Your spell library contained the following spells:

 Spells                   Type           Power        Failure   Level  Hunger
 Animate Skeleton         Necr           N/A          63%         1    ##.....
 Apportation              Tloc           #.....       63%         1    ##.....
 Confusing Touch          Hex            #.....       63%         1    ##.....
 Magic Dart               Conj           #...         63%         1    ##.....
 Summon Small Mammal      Summ           #...         63%         1    ##.....
 Call Imp                 Summ           #.......     77%         2    ###....
 Searing Ray              Conj           #.....       77%         2    ###....
 Call Canine Familiar     Summ           #.......     94%         3    ####...
 Dazzling Spray           Conj/Hex       #.....       94%         3    ####...
 Summon Guardian Golem    Hex/Summ       #.......     94%         3    ####...
 Cause Fear               Hex            #.........   100%        4    #####..
 Force Lance              Conj/Tloc      #.......     100%        4    #####..
 Fulminant Prism          Conj/Hex       #.........   100%        4    #####..
 Iskenderun's Mystic Bla  Conj           #.......     100%        4    #####..
 Summon Ice Beast         Ice/Summ       #.......     100%        4    #####..
 Summon Lightning Spire   Summ/Air       #.......     100%        4    #####..
 Silence                  Hex/Air        #.........   100%        5    ######.
 Yara's Violent Unravell  Hex/Tmut       #.........   100%        5    ######.
 Deflect Missiles         Chrm/Air       #.........   100%        6    #######
 Discord                  Hex            #.........   100%        8    #######


Dungeon Overview and Level Annotations

Branches:
Dungeon (9/15)             Temple (0/1) D:6            Lair (0/6) D:9
    Orc: D:9-12

Altars:
Ashenzari
Elyvilon
Fedhas
Kikubaaqudgha
Nemelex Xobeh
Okawaru
Qazlal
Sif Muna
Yredelemnul
Zin
The Shining One

Shops:
D:4 (

Annotations:
D:9 1 runed door, Erolcha


Message History

The hell hound barely misses you. The hell hound closely misses you.
A sixfirhy comes into view.
The hell hound breathes flames at you. The blast of flame hits you!
The hell hound bites you!
* * * LOW HITPOINT WARNING * * *
The sixfirhy hits you but does no damage.
The sixfirhy closely misses you. The sixfirhy hits you.
* * * LOW HITPOINT WARNING * * *
The sixfirhy shocks you!
* * * LOW HITPOINT WARNING * * *
Unknown command.
You feel much better. The sixfirhy hits you.
* * * LOW HITPOINT WARNING * * *
The sixfirhy shocks you!
* * * LOW HITPOINT WARNING * * *
The sixfirhy hits you.
* * * LOW HITPOINT WARNING * * *
The sixfirhy shocks you!
You die...

* * , ,* . , , .
#. # ,, , .. .#.#
, , , , * *#. .#.
, , , #**,
..#..** * **,##.,
* , ... , ,* .* .
, *#.## #####,.##
.. * *
#.@###...##. ##,
* ,
#.3hhJ....#.#, ,,
,* ,
#....##h.#.#.##.
{. .
.#####..#..#.J..#
, *
#...####...#.## *
* , *
*......,#.#.## .
, #.#.#..#...# ##
,J. , #..#.#.####
. ,#,#. ,
*#..#..##, ,* ,
## ##


You could see a sixfirhy, 3 hell hounds and a jelly.

Vanquished Creatures
  A centaur warrior (D:9)
  2 two-headed ogres
  A thrashing horror (Abyss:1)
  An unseen horror (D:9)
  4 orc knights (Bailey)
  A manticore (D:9)
  An ugly thing (D:8)
  A worldbinder (Abyss:1)
  Joseph (D:9)
  Psyche (D:8)
  A troll (D:9)
  Prince Ribbit (D:6)
  Grinder (D:6)
  A hippogriff (D:9)
  A large abomination (Abyss:1)
  A spriggan (D:7)
  3 yaks (D:9)
  A hungry ghost (D:9)
  Edmund (D:6)
  A hell hound (Abyss:1)
  12 orc warriors
  2 sky beasts
  2 ice beasts
  A black bear (D:9)
  2 ogres
  2 phantoms
  4 centaurs
  2 big kobolds (D:7)
  Blork the orc (D:6)
  10 bullfrogs
  A wyvern zombie (D:6)
  2 scorpions
  5 killer bees
  10 wights
  4 howler monkeys
  3 crimson imps
  2 centaur zombies
  A quasit (D:8)
  7 hounds
  2 jellies
  5 orc priests
  2 bullfrog skeletons (D:8)
  A centaur skeleton (D:8)
  An iron imp (Abyss:1)
  6 orc wizards
  2 iguanas
  7 worker ants
  A hound zombie (D:5)
  A worker ant zombie (D:9)
  10 gnolls (D:5)
  9 adders
  3 shadow imps
  An ufetubus (Abyss:1)
  An ooze (D:6)
  4 adder skeletons
  5 worms
  4 dart slugs
  7 leopard geckos
  45 orcs
  2 ball pythons
  3 giant cockroaches
  8 hobgoblins
  28 jackals
  6 quokkas
  5 bats
  3 frilled lizards
  5 goblins
  3 jackal skeletons
  15 kobolds
  13 rats
307 creatures vanquished.

Notes
Turn   | Place    | Note
-------+----------+-------------------------------------------
     0 | D:1      | Faca the Merfolk Gladiator began the quest for the Orb.
     0 | D:1      | Reached XP level 1. HP: 16/16 MP: 1/1
    96 | D:1      | Reached XP level 2. HP: 23/23 MP: 2/2
   153 | D:1      | Reached skill level 5 in Polearms
   479 | D:1      | Reached XP level 3. HP: 26/29 MP: 3/3
  1242 | D:2      | Reached XP level 4. HP: 32/35 MP: 4/4
  1288 | D:2      | Found a blossoming altar of Fedhas.
  1329 | D:2      | Reached skill level 6 in Polearms
  1351 | D:2      | Found a glowing silver altar of Zin.
  1351 | D:2      | Found a blossoming altar of Fedhas.
  1358 | D:2      | Found a glowing golden altar of the Shining One.
  1359 | D:2      | Found a sparkling altar of Nemelex Xobeh.
  1360 | D:2      | Found an iron altar of Okawaru.
  1360 | D:2      | Found a deep blue altar of Sif Muna.
  1360 | D:2      | Found an ancient bone altar of Kikubaaqudgha.
  1362 | D:2      | Found a basalt altar of Yredelemnul.
  1365 | D:2      | Found a stormy altar of Qazlal.
  1732 | D:3      | Reached XP level 5. HP: 32/42 MP: 5/5
  1898 | D:3      | Noticed a sky beast
  1908 | D:3      | Killed a sky beast
  1908 | D:3      | Reached skill level 5 in Fighting
  1908 | D:3      | Reached skill level 7 in Polearms
  1908 | D:3      | Reached XP level 6. HP: 51/51 MP: 6/6
  2408 | D:3      | Noticed a phantom
  2426 | D:3      | Killed a phantom
  2426 | D:3      | Reached skill level 8 in Polearms
  2705 | D:4      | Reached XP level 7. HP: 57/57 MP: 7/7
  2998 | D:4      | Found a white marble altar of Elyvilon.
  3105 | D:4      | Found a shattered altar of Ashenzari.
  3131 | D:4      | Found Ytaikhloe's Antique Weapon Shoppe.
  3191 | D:4      | Became a worshipper of Ashenzari the Shackled
  3832 | D:5      | Entered Level 5 of the Dungeon
  3845 | D:5      | Reached skill level 9 in Polearms
  4084 | D:5      | Reached XP level 8. HP: 50/67 MP: 8/8
  4204 | D:5      | Reached skill level 10 in Polearms
  5030 | D:5      | Noticed a two-headed ogre
  5233 | D:5      | Reached * piety under Ashenzari
  5827 | D:6      | Reached skill level 11 in Polearms
  6001 | D:6      | Noticed Edmund
  6012 | D:6      | Killed Edmund
  6095 | D:6      | Noticed Prince Ribbit
  6105 | D:6      | Killed Prince Ribbit
  6149 | D:6      | Noticed Blork the orc
  6154 | D:6      | Reached XP level 9. HP: 56/75 MP: 0/9
  6159 | D:6      | Killed Blork the orc
  6233 | D:6      | Noticed Grinder
  6249 | D:6      | Killed Grinder
  6249 | D:6      | Reached skill level 12 in Polearms
  6621 | D:6      | Found a staircase to the Ecumenical Temple.
  6846 | D:6      | Reached skill level 18 in Polearms
  6846 | D:6      | Reached XP level 10. HP: 85/85 MP: 10/10
  6958 | D:7      | Reached skill level 10 in Fighting
  7288 | D:7      | Reached skill level 19 in Polearms
  7488 | D:7      | Reached ** piety under Ashenzari
  8466 | D:8      | Found a flagged portal.
  8491 | Bailey   | Entered a bailey
  8493 | Bailey   | Noticed an orc knight
  8501 | Bailey   | Noticed an orc knight
  8511 | Bailey   | Killed an orc knight
  8511 | Bailey   | Reached XP level 11. HP: 54/92 MP: 5/11
  8931 | Bailey   | Noticed an orc knight
  8953 | Bailey   | Killed an orc knight
  9376 | Bailey   | Killed an orc knight
  9790 | Bailey   | Noticed an orc knight
  9802 | Bailey   | Killed an orc knight
  9852 | Bailey   | Got the cursed mace of the Invisible Eyes {venom, +Rage MP+9 Str-2 Int-5}
  9979 | D:8      | Identified a scroll of acquirement
 10056 | D:8      | Noticed a two-headed ogre
 10084 | D:8      | Killed a two-headed ogre
 10084 | D:8      | Reached skill level 20 in Polearms
 10701 | D:9      | Noticed a two-headed ogre
 10703 | D:9      | Noticed Psyche
 10721 | D:8      | Killed Psyche
 10922 | D:9      | Noticed a manticore
 10933 | D:9      | Killed a manticore
 10933 | D:9      | Reached skill level 5 in Dodging
 11028 | D:9      | Noticed a green ugly thing
 11096 | D:8      | Killed a green ugly thing
 11331 | D:9      | Found a runed door.
 11333 | D:9      | Found a runed door.
 11415 | D:9      | Killed an unseen horror
 11415 | D:9      | Reached XP level 12. HP: 64/102 MP: 8/12
 11623 | D:9      | Killed a two-headed ogre
 11631 | D:9      | Noticed a centaur warrior
 11644 | D:9      | Killed a centaur warrior
 11975 | D:9      | Found a staircase to the Lair.
 12004 | D:9      | Noticed Joseph
 12013 | D:9      | Killed Joseph
 12165 | D:9      | Noticed Erolcha
 12172 | D:9      | Cast into level 1 of the Abyss (Erolcha)
 12172 | Abyss:1  | Found a corrupted altar of Lugonu.
 12228 | Abyss:1  | Noticed a thrashing horror
 12233 | Abyss:1  | Killed a thrashing horror
 12366 | Abyss:1  | HP: 4/103 [sixfirhy (10)]
 12367 | Abyss:1  | Mangled by a sixfirhy

Skill      XL: |  1  2  3  4  5  6  7  8  9 10 11 12 |
---------------+-------------------------------------+-----
Polearms       | 5 6 7 8 9 11 18 19 20 | 20.7
Fighting       | 3 4 5 7 8 9 10 12 | 12.6
Dodging        | 6 7 |  7.5
Throwing       | |  2.0

Action                   |  1- 3 |  4- 6 |  7- 9 | 10-12 || total
-------------------------+-------+-------+-------+-------++-------
Melee: Trident           |   120 |   217 |   232 |       ||   569
       Halberd           |       |       |    89 |   484 ||   573
Throw: Throwing net      |       |       |       |     2 ||     2
  Use: Scroll            |       |       |     7 |    15 ||    22
       Potion            |       |       |     1 |     3 ||     4
 Stab: Sleeping          |     2 |       |       |     1 ||     3
       Distracted        |       |       |       |     1 ||     1
  Eat: Chunk             |     1 |     2 |     4 |     8 ||    15
       Ration            |       |     1 |     3 |     3 ||     7
Armor: Leather armour    |     9 |       |       |       ||     9
       Ring mail         |    11 |    53 |    52 |    89 ||   205
Dodge: Dodged            |    70 |   125 |   155 |   215 ||   565
